 Dungeon Sprint DCSS version 0.30-a0-476-g330ca2eb8e (webtiles) character file.

Game seed: 11614456791619083967

751 NinjaNoafa the Thaumaturge (level 7, -3/61 HPs)
             Began as a Gnoll Warper on Dec 21, 2022.
             Was a High Priest of Cheibriados.
             Slain by a polar bear (13 damage)
             ... in the Dungeon (Sprint VII: "The Pits").
             The game lasted 00:05:44 (642 turns).

NinjaNoafa the Thaumaturge (Gnoll Warper)            Turns: 642, Time: 00:05:45

Health: -3/61      AC:  3    Str: 23    XL:     7   Next: 78%
Magic:  16/18      EV: 18    Int: 27    God:    Cheibriados [*****.]
Gold:   0          SH:  0    Dex: 25    Spells: 7/22 levels left

rFire   . . .      SeeInvis .    a - +0 mace (protect)
rCold   . . .      Faith    .    (no shield)
rNeg    . . .      Spirit   .    b - +0 leather armour
rPois   .          Reflect  .    (no helmet)
rElec   .          Harm     .    (no cloak)
rCorr   .          Rampage  .    (no gloves)
Will    .....      NoTele   +    (no boots)
Stlth   ++++......               (no amulet)
HPRegen 0.30/turn                (no ring)
MPRegen 0.16/turn                (no ring)

@: very slightly contaminated, very slow
A: fangs 1, strong nose, distributed training
a: Renounce Religion, Bend Time, Temporal Distortion, Slouch, Step From Time


You were in the Dungeon.
You worshipped Cheibriados.
Cheibriados was extremely pleased with you.
You visited 1 branch

Inventory:

Hand Weapons
 a - a +0 mace of protection (weapon)
Missiles
 d - 7 boomerangs of dispersal (quivered)
 g - 2 boomerangs
 l - 10 stones
Armour
 b - a +0 leather armour (worn)
Scrolls
 c - 2 scrolls of blinking
 m - 5 scrolls of amnesia
 n - a scroll of summoning
 o - 2 scrolls of vulnerability
Potions
 e - 5 potions of curing
 f - 2 potions of heal wounds
 h - a potion of magic
 i - 2 potions of berserk rage
 k - a potion of invisibility


   Skills:
 + Level 7.7 Fighting
 + Level 6.1 Short Blades
 + Level 6.1 Long Blades
 + Level 6.1 Axes
 + Level 7.7 Maces & Flails
 + Level 6.1 Polearms
 + Level 6.1 Staves
 + Level 6.1 Ranged Weapons
 + Level 6.7 Throwing
 + Level 6.7 Armour
 + Level 7.7 Dodging
 + Level 6.1 Stealth
 + Level 6.1 Shields
 + Level 6.1 Unarmed Combat
 + Level 8.0 Spellcasting
 + Level 5.0 Conjurations
 + Level 5.0 Hexes
 + Level 5.0 Summonings
 + Level 5.0 Necromancy
 + Level 7.5 Translocations
 + Level 5.0 Transmutations
 + Level 5.0 Fire Magic
 + Level 5.0 Ice Magic
 + Level 5.0 Air Magic
 + Level 5.0 Earth Magic
 + Level 5.0 Poison Magic
 + Level 6.7 Invocations
 + Level 6.1 Evocations


You had 7 spell levels left.
You knew the following spells:

 Your Spells              Type           Power      Damage    Failure   Level
a - Blink                 Tloc           100%       N/A       1%          2
b - Lesser Beckoning      Tloc           100%       N/A       1%          3
c - Teleport Other        Tloc           51%        N/A       1%          3
d - Vhi's Electric Charg  Tloc/Air       88%        N/A       1%          3
e - Manifold Assault      Tloc           51%        N/A       2%          4

Your spell library contained the following spells:

 Spells                   Type           Power      Damage    Failure   Level


Dungeon Overview and Level Annotations

Branches:
Dungeon (1/1)

Altars:
Ashenzari
Cheibriados
Dithmenos
Elyvilon
Fedhas
Gozag
Hepliaklqana
Kikubaaqudgha
Makhleb
Nemelex Xobeh
Okawaru
Qazlal
Ru
Sif Muna
Trog
Uskayaw
Vehumet
Wu Jian
Xom
Yredelemnul
Zin
The Shining One
Jiyva
Lugonu


Innate Abilities, Weirdness & Mutations

You have very sharp teeth.
Your uncanny sense of smell can sniff out nearby items.
Your experience applies equally to all skills.


Message History

You feel better. The polar bear bites you!
* * * LOW HITPOINT WARNING * * *
The polar bear claws you.
* * * LOW HITPOINT WARNING * * *
The polar bear misses you. The polar bear closely misses you.
The polar bear claws you but does no damage.
The polar bear claws you.
* * * LOW HITPOINT WARNING * * *
Casting: Teleport Other (safe; 1% risk of failure)
Confirm with . or Enter, or press ? or * to list all spells.
Aiming: Teleport Other (safe; 1% risk of failure)
Press: ? - help, Shift-Dir - straight line, f - polar bear
Aim: a polar bear (lightly wounded, chance to affect: 80%)
Okay, then.
Casting: Teleport Other (safe; 1% risk of failure)
Confirm with . or Enter, or press ? or * to list all spells.
You blink.
You feel yourself speed up.
You feel much better. The polar bear closely misses you.
The polar bear claws you. The polar bear barely misses you.
Casting: Blink (safe; 1% risk of failure)
Confirm with . or Enter, or press ? or * to list all spells.
Aiming: Teleport Other (safe; 1% risk of failure)
Press: ? - help, Shift-Dir - straight line, f - polar bear
Aim: a polar bear (lightly wounded, chance to affect: 80%)
You miscast Teleport Other.
You are very lightly contaminated with residual magic.
Nothing appears to happen.
The polar bear closely misses you. The polar bear barely misses you.
The polar bear completely misses you. Magic courses through your body.
The polar bear bites you!
* * * LOW HITPOINT WARNING * * *
The polar bear misses you.
The polar bear claws you but does no damage.
Casting: Teleport Other (safe; 1% risk of failure)
Confirm with . or Enter, or press ? or * to list all spells.
Aiming: Teleport Other (safe; 1% risk of failure)
Press: ? - help, Shift-Dir - straight line, f/p - polar bear
Aim: a polar bear (chance to affect: 80%)
The polar bear looks slightly unstable.
The polar bear bites you!
You die...

#.#.†########...<...#
#.#..'.)))[##.......#
#.#..#.)))[##.......#
#)###########.......#
#.)#.#.## #########
#.).....# ######
##.#.#.## #....#∆∆∆∆
#....)..#+#....#∆∆∆
##.#.#.##Mh@...+∆∆∆
#.......#'#....#∆∆∆
##.#.#..'.#....#∆∆∆
###############


You could see a polar bear (teleporting) and a mummy.

Vanquished Creatures
  A gargoyle (D)
  2 floating eyes (D)
  Pargi (D)
  A sky beast (D)
  An orc priest (D)
  2 orc wizards (D)
  An ufetubus (D)
  A worm (D)
  2 orcs (D)
  An endoplasm (D)
  2 giant cockroaches (D)
  A hobgoblin (D)
  2 bats (D)
  A quokka zombie (D)
19 creatures vanquished.

Notes
Turn   | Place    | Note
-------+----------+-------------------------------------------
     0 | D        | NinjaNoafa the Gnoll Warper began the quest for the Orb.
     0 | D        | Reached XP level 1. HP: 20/20 MP: 6/6
    28 | D        | Found a bloodstained altar of Trog.
    28 | D        | Found a shimmering blue altar of Sif Muna.
    28 | D        | Found a viscous altar of Jiyva.
    28 | D        | Found a hazy altar of Hepliaklqana.
    28 | D        | Found an opulent altar of Gozag.
    58 | D        | Found a glowing golden altar of the Shining One.
    58 | D        | Found a glowing silver altar of Zin.
    58 | D        | Found a basalt altar of Yredelemnul.
    58 | D        | Found a shimmering altar of Xom.
    58 | D        | Found an ornate altar of the Wu Jian Council.
    58 | D        | Found a sacrificial altar of Ru.
    58 | D        | Found a stormy altar of Qazlal.
    58 | D        | Found an iron altar of Okawaru.
    58 | D        | Found a sparkling altar of Nemelex Xobeh.
    58 | D        | Found a burning altar of Makhleb.
    58 | D        | Found a blossoming altar of Fedhas.
    58 | D        | Found a white marble altar of Elyvilon.
    58 | D        | Found a shadowy altar of Dithmenos.
    58 | D        | Found a snail-covered altar of Cheibriados.
    59 | D        | Found a radiant altar of Vehumet.
    59 | D        | Found a corrupted altar of Lugonu.
    60 | D        | Found an ancient bone altar of Kikubaaqudgha.
    60 | D        | Found a hide-covered altar of Uskayaw.
    60 | D        | Found a broken altar of Ashenzari.
    66 | D        | Became a worshipper of Cheibriados the Contemplative
    83 | D        | Reached * piety under Cheibriados
    84 | D        | Reached skill level 5 in Spellcasting
    90 | D        | Noticed a floating eye
    92 | D        | Reached ** piety under Cheibriados
    92 | D        | Paralysed by a floating eye for 4 turns
    93 | D        | Reached skill level 1 in Short Blades
    93 | D        | Reached skill level 1 in Long Blades
    93 | D        | Reached skill level 1 in Axes
    93 | D        | Reached skill level 1 in Polearms
    93 | D        | Reached skill level 1 in Staves
    93 | D        | Reached skill level 1 in Ranged Weapons
    93 | D        | Reached skill level 1 in Stealth
    93 | D        | Reached skill level 1 in Shields
    93 | D        | Reached skill level 1 in Unarmed Combat
    93 | D        | Reached skill level 1 in Invocations
    93 | D        | Reached skill level 1 in Evocations
    93 | D        | Reached XP level 2. HP: 26/26 MP: 8/8
    97 | D        | Killed a floating eye
    98 | D        | Reached skill level 5 in Fighting
    98 | D        | Reached skill level 5 in Maces & Flails
    98 | D        | Reached skill level 5 in Dodging
    98 | D        | Reached skill level 6 in Spellcasting
    98 | D        | Reached XP level 3. HP: 33/33 MP: 8/10
    98 | D        | Reached XP level 4. HP: 39/39 MP: 9/12
   101 | D        | Learned a level 2 spell: Blink
   105 | D        | Learned a level 3 spell: Lesser Beckoning
   109 | D        | Learned a level 3 spell: Teleport Other
   113 | D        | Learned a level 3 spell: Vhi's Electric Charge
   118 | D        | Learned a level 4 spell: Manifold Assault
   121 | D        | Noticed a floating eye
   130 | D        | Killed a floating eye
   131 | D        | Reached XP level 5. HP: 46/46 MP: 1/14
   133 | D        | Reached *** piety under Cheibriados
   262 | D        | Noticed a fire bat
   262 | D        | Noticed Pargi
   271 | D        | Reached **** piety under Cheibriados
   272 | D        | Reached skill level 5 in Throwing
   272 | D        | Reached skill level 5 in Armour
   287 | D        | Reached XP level 6. HP: 36/53 MP: 4/15
   292 | D        | Reached ***** piety under Cheibriados
   301 | D        | Killed Pargi
   302 | D        | Reached skill level 7 in Spellcasting
   302 | D        | Reached skill level 5 in Invocations
   324 | D        | Reached skill level 5 in Short Blades
   324 | D        | Reached skill level 5 in Long Blades
   324 | D        | Reached skill level 5 in Axes
   324 | D        | Reached skill level 5 in Polearms
   324 | D        | Reached skill level 5 in Staves
   324 | D        | Reached skill level 5 in Ranged Weapons
   324 | D        | Reached skill level 5 in Stealth
   324 | D        | Reached skill level 5 in Shields
   324 | D        | Reached skill level 5 in Unarmed Combat
   324 | D        | Reached skill level 5 in Evocations
   425 | D        | Noticed a sky beast
   431 | D        | Killed a sky beast
   432 | D        | Reached XP level 7. HP: 46/60 MP: 14/17
   478 | D        | Noticed a gargoyle
   509 | D        | Killed a gargoyle
   510 | D        | Reached skill level 8 in Spellcasting
   510 | D        | Reached skill level 5 in Conjurations
   510 | D        | Reached skill level 5 in Hexes
   510 | D        | Reached skill level 5 in Summonings
   510 | D        | Reached skill level 5 in Necromancy
   510 | D        | Reached skill level 5 in Transmutations
   510 | D        | Reached skill level 5 in Fire Magic
   510 | D        | Reached skill level 5 in Ice Magic
   510 | D        | Reached skill level 5 in Air Magic
   510 | D        | Reached skill level 5 in Earth Magic
   510 | D        | Reached skill level 5 in Poison Magic
   628 | D        | Noticed a polar bear
   628 | D        | Noticed a hornet
   634 | D        | Paralysed by a hornet for 3 turns
   642 | D        | Slain by a polar bear

Illustrated notes

Levels and vault maps discovered:
D:        pitsprint [storerooms_1, entrance_room_1, metal_vault_3, armoury_1,
          mini_pit_1, grid_room_1, main_hall_1, silver_pit, the_coven_3,
          the_vestibule_1, steel_vault_1, golden_pit, hallway_of_sentries,
          crystal_vault_2, iron_vault_4, final_vault]

Skill      XL: |  1  2  3  4  5  6  7 |
---------------+----------------------+-----
Spellcasting   | 5 6 7 8 |  8.0
Short Blades   | 1 3 4 5 6 |  6.1
Long Blades    | 1 3 4 5 6 |  6.1
Axes           | 1 3 4 5 6 |  6.1
Polearms       | 1 3 4 5 6 |  6.1
Staves         | 1 3 4 5 6 |  6.1
Ranged Weapons | 1 3 4 5 6 |  6.1
Stealth        | 1 3 4 5 6 |  6.1
Shields        | 1 3 4 5 6 |  6.1
Unarmed Combat | 1 3 4 5 6 |  6.1
Invocations    | 1 3 4 5 6 |  6.7
Evocations     | 1 3 4 5 6 |  6.1
Fighting       | 5 6 7 |  7.7
Maces & Flails | 5 6 7 |  7.7
Throwing       | 4 5 6 |  6.7
Armour         | 4 5 6 |  6.7
Dodging        | 5 6 7 |  7.7
Conjurations   | 2 3 4 5 |  5.0
Hexes          | 2 3 4 5 |  5.0
Summonings     | 2 3 4 5 |  5.0
Necromancy     | 2 3 4 5 |  5.0
Translocations | 6 7 |  7.5
Transmutations | 2 3 4 5 |  5.0
Fire Magic     | 2 3 4 5 |  5.0
Ice Magic      | 2 3 4 5 |  5.0
Air Magic      | 2 3 4 5 |  5.0
Earth Magic    | 2 3 4 5 |  5.0
Poison Magic   | 2 3 4 5 |  5.0

Action                   |  1- 3 |  4- 6 |  7- 9 || total
-------------------------+-------+-------+-------++-------
Melee: Mace              |     7 |    76 |    21 ||   104
       Bite              |     3 |     4 |     5 ||    12
       Punch             |       |     1 |     1 ||     2
 Cast: Manifold Assault  |       |    10 |     3 ||    13
       Teleport Other    |       |     2 |     2 ||     4
       Vhi's Electric Ch |       |     1 |     1 ||     2
       Blink             |       |       |     1 ||     1
Invok: Bend Time         |       |     1 |     2 ||     3
  Use: Potion            |       |     6 |     4 ||    10
 Stab: Sleeping          |     1 |       |       ||     1
       Invisible         |       |     3 |       ||     3
Armor: Leather armour    |     3 |    27 |     4 ||    34
Dodge: Dodged            |     1 |    54 |    21 ||    76

Table legend: (Time is in decaauts)
 A = Elapsed time spent in this place.
 B = Non-inter-level travel time spent in this place.
 C = Inter-level travel time spent in this place.
 D = Time resting spent in this place.
 E = Time spent auto-exploring this place.
 F = Levels seen in this place.
 G = Mean time per level.
                   A        B        C        D        E       F      G
               +--------+--------+--------+--------+--------+-----+--------+
         Total |    745 |    734 |     11 |     27 |    370 |   1 |  745.0 |
       Dungeon |    745 |    734 |     11 |     27 |    370 |   1 |  745.0 |
               +--------+--------+--------+--------+--------+-----+--------+

Top non-repeatable levels by time:
       D: 745 daAuts
